 Dungeon Crawl Stone Soup version 0.29-a0-364-g921d912d32 (webtiles) character file.

Game seed: 16698386200542414662

343 jlumianski the Chopper (level 6, -2/49 HPs)
             Began as a Demonspawn Fighter on Apr 30, 2022.
             Slain by an ogre
             ... wielding a +0 giant spiked club
              (27 damage)
             ... on level 4 of the Dungeon.
             The game lasted 00:11:04 (2488 turns).

jlumianski the Chopper (Demonspawn Fighter)         Turns: 2488, Time: 00:11:05

Health: -2/49      AC: 11    Str: 18    XL:     6   Next: 31%
Magic:  6/6        EV: 13    Int: 10    God:
Gold:   184        SH:  4    Dex: 12    Spells: 5/5 levels left

rFire   . . .      SeeInvis .   a - +0 war axe
rCold   . . .      Faith    .   c - +0 buckler
rNeg    . . .      Spirit   .   b - +0 scale mail
rPois   .          Reflect  .   (helmet restricted)
rElec   .          Harm     .   f - +0 cloak
rCorr   +          Rampage  .   (no gloves)
Will    .....                   n - +1 pair of boots
Stlth   ..........              (no amulet)
HPRegen 0.16/turn               g - ring of resist corrosion
MPRegen 0.10/turn               e - +4 ring of evasion

@: no status effects
A: horns 2, rugged brown scales 1, spiny 1
a: no special abilities


You were on level 4 of the Dungeon.
You visited 1 branch of the dungeon, and saw 5 of its levels.

You collected 184 gold pieces.

Inventory:

Hand Weapons
 a - a +0 war axe (weapon)
 v - the +7 mace of Crusades {pain, rElec Dex+6}
   (You found it on level 3 of the Dungeon)

   In the hands of one skilled in necromantic magic, it inflicts extra damage on
   living creatures.
   Dex:       It affects your dexterity (+6).
   rElec:     It insulates you from electricity.
Missiles
 i - 2 javelins (quivered)
 l - 69 stones
Armour
 b - a +0 scale mail (worn)
 c - a +0 buckler (worn)
 f - a +0 cloak (worn)
 n - a +1 pair of boots (worn)
Magical Staves
 s - a staff of conjuration
Jewellery
 e - a +4 ring of evasion (right hand)
 g - a ring of resist corrosion (left hand)
 o - an amulet of faith
 q - a ring of magical power
Wands
 t - a wand of iceblast (4)
Scrolls
 h - a scroll of magic mapping
 j - 3 scrolls of teleportation
 k - a scroll of summoning
 m - a scroll of fear
 u - 2 scrolls of identify
Potions
 d - a potion of might
 p - a potion of degeneration
 r - a potion of mutation


   Skills:
 + Level 3.7 Fighting
 + Level 4.1 Axes
 + Level 0.1 Throwing
 + Level 4.0 Armour
 + Level 1.1 Dodging
 + Level 0.6 Stealth
 + Level 3.1 Shields
 + Level 0.1 Evocations


You had 5 spell levels left.
You didn't know any spells.
Your spell library contained the following spells:

 Spells                   Type           Power      Damage    Failure   Level
 Animate Skeleton         Necr           0%         N/A       83%         1
 Magic Dart               Conj           0%         1d3       83%         1
 Pain                     Necr           0%         1d4       83%         1
 Blink                    Tloc           0%         N/A       93%         2
 Call Imp                 Summ           0%         N/A       93%         2
 Lesser Beckoning         Tloc           0%         N/A       99%         3
 Mephitic Cloud           Conj/Pois/Air  0%         N/A       99%         3
 Vampiric Draining        Necr           0%         2d6       99%         3
 Manifold Assault         Tloc           0%         N/A       100%        5


Dungeon Overview and Level Annotations

Branches:
Dungeon (5/15)
 Temple: D:4-7

Altars:

Shops:
D:1 *   D:4 =


Innate Abilities, Weirdness & Mutations

You have a pair of horns on your head.
You are partially covered in rugged brown scales. (AC +1, +3% HP)
You are partially covered in sharp spines.


Message History

You start resting.
You feel less confused.
You start resting.
An ogre comes into view. It is wielding a +0 giant spiked club.
Throw: 3 javelins
Press: ? - help, Q - select action, (/) - cycle Shift-Dir - straight line, f - ogre
Aim: an ogre, wielding a +0 giant spiked club (wandering, hasn't noticed you, 73% to hit)
You throw a javelin. The ogre shouts!
The javelin pierces through the ogre.
The ogre is moderately wounded.
You barely miss the ogre.
The ogre is moderately wounded.
The ogre is struck by your spines. The ogre barely misses you.
You barely miss the ogre.
The ogre is moderately wounded.
The ogre is struck by your spines. The ogre barely misses you.
You barely miss the ogre.
The ogre is moderately wounded.
The ogre is struck by your spines.
The ogre hits you with a +0 giant spiked club!
You closely miss the ogre.
The ogre is heavily wounded.
The ogre hits you with a +0 giant spiked club!
You hit the ogre but do no damage.
The ogre is heavily wounded.
The ogre closely misses you.
You closely miss the ogre.
The ogre is heavily wounded.
You hit the ogre. You headbutt the ogre!
The ogre is almost dead.
The ogre closely misses you.
You barely miss the ogre.
The ogre is almost dead.
The ogre misses you.
You hit the ogre. Your headbutt misses the ogre.
The ogre is almost dead.
The ogre hits you with a +0 giant spiked club!!
Ouch! That really hurt!
You die...

#<#####≈≈####....
#..'..>..∩..'.#..
##.#####..##########.##.
#..$...................#
#!#.###.#############.#.
#.....# .# #.###†###.#
.# #...))# .# #.###@# .#
#O†...... .. #.###....
... ## (.. #####


You could see an ogre.

Vanquished Creatures
  Duvessa (D:4)
  Dowan (D:4)
  Crazy Yiuf (D:3)
  Ijyb (D:3)
  2 orc wizards (D:4)
  Terence (D:3)
  An adder (D:4)
  An ufetubus (D:4)
  2 worms (D:2)
  2 dart slugs
  3 orcs
  4 ball pythons
  An endoplasm (D:1)
  3 giant cockroaches
  2 goblins
  3 hobgoblins
  4 jackals
  4 quokkas
  5 bats
  9 kobolds
  A rat (D:1)
52 creatures vanquished.

Notes
Turn   | Place    | Note
-------+----------+-------------------------------------------
     0 | D:1      | jlumianski the Demonspawn Fighter began the quest for the
                  | Orb.
     0 | D:1      | Reached XP level 1. HP: 18/18 MP: 1/1
     6 | D:1      | Noticed a rime drake
     6 | D:1      | Noticed a scorpion
     8 | D:1      | Noticed a black bear
     8 | D:1      | Noticed a hound
    27 | D:1      | Found Fifecoul's Assorted Antiques.
    47 | D:1      | Found a faded altar of an unknown god.
   563 | D:1      | Gained mutation: You have a pair of small horns on your
                  | head. [demonic ancestry]
   563 | D:1      | Reached XP level 2. HP: 24/24 MP: 2/2
  1115 | D:2      | Gained mutation: You have a pair of horns on your head.
                  | [demonic ancestry]
  1115 | D:2      | Reached XP level 3. HP: 29/29 MP: 3/3
  1445 | D:3      | Noticed Terence
  1450 | D:3      | Killed Terence
  1486 | D:3      | Noticed Ijyb
  1503 | D:3      | Killed Ijyb
  1504 | D:3      | Reached XP level 4. HP: 18/35 MP: 4/4
  1857 | D:3      | Found a runed translucent door.
  1858 | D:3      | Noticed Crazy Yiuf
  1864 | D:3      | Killed Crazy Yiuf
  1871 | D:3      | Identified the +7 mace of Crusades {pain, rElec Dex+6}
  2026 | D:4      | Noticed Dowan
  2037 | D:4      | Killed Dowan
  2038 | D:4      | Reached skill level 1 in Dodging
  2038 | D:4      | Gained mutation: You are partially covered in sharp spines.
                  | [demonic ancestry]
  2038 | D:4      | Reached XP level 5. HP: 22/41 MP: 5/5
  2038 | D:4      | Noticed Duvessa
  2049 | D:4      | Killed Duvessa
  2050 | D:4      | Gained mutation: You are partially covered in rugged brown
                  | scales. (AC +1, +3% HP) [demonic ancestry]
  2050 | D:4      | Reached XP level 6. HP: 3/48 MP: 6/6
  2342 | D:4      | Found Litao's Jewellery Boutique.
  2386 | D:5      | Entered Level 5 of the Dungeon
  2488 | D:4      | Slain by an ogre

Illustrated notes

Levels and vault maps discovered:
D:1:      onia_arrival_zoo_common, layout_rooms,
          hellmonk_ecumenical_altar_pennies_from_heaven, serial_shops, shop,
          chequers_serial_rivers_micro_e, corner_web_ring
D:2:      layout_basic
D:3:      layout_rooms, grunt_ministairs_5, minmay_misc_feat_doors, uniq_ijyb,
          uniq_crazy_yiuf_cottage, uniq_terence
D:4:      layout_loops_ring, serial_shops, nicolae_lakefront_shop,
          nicolae_shop_hallway_stairs, uniq_duvessa
D:5:      layout_loops_corners

Skill      XL: |  1  2  3  4  5  6 |
---------------+-------------------+-----
Axes           | 2 3 4 |  4.1
Armour         | 3 4 |  4.0
Shields        | 3 |  3.1
Dodging        | 1 |  1.1
Fighting       | |  3.7
Throwing       | |  0.1
Stealth        | |  0.6
Evocations     | |  0.1

Action                   |  1- 3 |  4- 6 || total
-------------------------+-------+-------++-------
Melee: War axe           |    81 |    63 ||   144
       Headbutt          |    10 |    10 ||    20
Throw: Javelin           |       |     3 ||     3
Evoke: Wand              |       |     2 ||     2
  Use: Scroll            |     9 |     3 ||    12
       Potion            |       |     1 ||     1
Armor: Scale mail        |    59 |    26 ||    85
Dodge: Dodged            |    55 |    42 ||    97
Block: Buckler           |    13 |    18 ||    31

Table legend: (Time is in decaauts)
 A = Elapsed time spent in this place.
 B = Non-inter-level travel time spent in this place.
 C = Inter-level travel time spent in this place.
 D = Time resting spent in this place.
 E = Time spent auto-exploring this place.
 F = Levels seen in this place.
 G = Mean time per level.
                   A        B        C        D        E       F      G
               +--------+--------+--------+--------+--------+-----+--------+
         Total |   2549 |   2499 |     50 |    317 |   1382 |   5 |  509.8 |
       Dungeon |   2549 |   2499 |     50 |    317 |   1382 |   5 |  509.8 |
               +--------+--------+--------+--------+--------+-----+--------+

Top non-repeatable levels by time:
     D:3: 967 daAuts
     D:2: 682 daAuts
     D:1: 677 daAuts
     D:4: 212 daAuts
     D:5: 9 daAuts
